 Dungeon Crawl Stone Soup version 0.17-a0-1479-g4041c36 (webtiles) character file.

5139 Econoterrorist the Grappler (level 10, -3/83 HPs)
             Began as a Pale Draconian Transmuter on July 3, 2015.
             Was an Elder of Okawaru.
             Slain by a yak (5 damage)
             ... on level 1 of the Lair of Beasts.
             The game lasted 00:38:11 (11468 turns).

Econoterrorist the Grappler (DrTm)                 Turns: 11468, Time: 00:38:11

Health: -3/83      AC: 12    Str: 13    XL:     10   Next: 33%
Magic:  14/14      EV: 14    Int: 17    God:    Okawaru [****..]
Gold:   354        SH:  0    Dex: 11    Spells: 4 memorised, 2 levels left

rFire  + . .     SeeInvis .       - Unarmed
rCold  + . .     Clarity  .     (armour unavailable)
rNeg   . . .     SustAt   .     (no shield)
rPois  .         Gourm    .     (helmet restricted)
rElec  .         Spirit   .     w - +2 cloak
rCorr  .         Warding  .     I - +0 pair of gloves
rMut   .         Stasis   .     m - +0 pair of boots
MR     .....                    (no amulet)
Stlth  +.........               h - ring of protection from fire
                                G - ring of protection from cold

@: very slightly contaminated, not resistant to hostile enchantments, very
unstealthy
A: breathe steam, unfitting armour, cold-blooded, AC +7
a: Breathe Steam, Heroism, Renounce Religion


You were on level 1 of the Lair of Beasts.
You worshipped Okawaru.
Okawaru was greatly pleased with you.
You were not hungry.

You visited 2 branches of the dungeon, and saw 11 of its levels.
You also visited: Ice Cave.

You collected 459 gold pieces.
You spent 105 gold pieces at shops.

Inventory:

Hand weapons
 A - a +0 blowgun
Missiles
 B - 37 poisoned needles
Armour
 m - a +0 pair of boots (worn)
 w - a +2 cloak (worn)
 I - a +0 pair of gloves (worn)
Jewellery
 e - a +3 ring of intelligence
 h - a ring of protection from fire (right hand)
 q - an uncursed ring of protection from magic
 G - a ring of protection from cold (left hand)
Magical devices
 y - a wand of disintegration (5)
Scrolls
 a - 2 scrolls of enchant weapon {unknown}
 d - 3 scrolls of identify
 k - 3 scrolls of teleportation
 l - 2 scrolls of fog {unknown}
 n - a scroll of noise {unknown}
 o - 2 scrolls of magic mapping {unknown}
 p - 2 scrolls of enchant armour {unknown}
 t - a scroll of amnesia {unknown}
 v - 5 scrolls of remove curse
 z - 3 scrolls of fear {unknown}
 D - 2 scrolls of recharging {unknown}
 F - 2 scrolls of immolation {unknown}
Potions
 f - a potion of haste
 g - 2 potions of cure mutation
 C - a potion of lignification
 E - 3 potions of curing
 H - a potion of cancellation
 L - a potion of berserk rage
Books
 b - a book of Changes

   Spells                             Type                      Level
   a - Beastly Appendage              Transmutation                1
   b - Sticks to Snakes               Transmutation                2
   c - Spider Form                    Transmutation/Poison         3
   d - Ice Form                       Ice/Transmutation            4
   e - Blade Hands                    Transmutation                5
Miscellaneous
 x - a lamp of fire (inert)
Comestibles
 c - 9 bread rations
 i - a beef jerky
 r - 4 meat rations
 s - 10 royal jellies


   Skills:
 - Level 5.7 Fighting
 - Level 5.0 Dodging
 - Level 10.0 Unarmed Combat
 - Level 3.2 Spellcasting
 - Level 8.0 Transmutations
 + Level 4.0 Ice Magic
 - Level 2.0 Poison Magic


You had 2 spell levels left.
You knew the following spells:

 Your Spells              Type           Power        Failure   Level  Hunger
a - Beastly Appendage     Trmt           ####..       1%          1    None
b - Spider Form           Trmt/Pois      ###.......   10%         3    ###....
c - Blade Hands           Trmt           ####......   21%         5    ######.
d - Ice Form              Ice/Trmt       ###.....     17%         4    ####...


Dungeon Overview and Level Annotations

Branches:
Dungeon (10/15)            Temple (0/1) D:4            Lair (1/8) D:8
    Orc (0/4) D:9

Altars:
Dithmenos
Elyvilon
Makhleb
Nemelex Xobeh
Okawaru
Ru
Trog
The Shining One

Shops:
D:4 ?==*   D:8 (


Innate Abilities, Weirdness & Mutations

You can breathe blasts of scalding, opaque steam.
Your pale cyan-grey scales are hard (AC +7).
Your body does not fit into most forms of armour.
You are cold-blooded and may be slowed by cold attacks.


Message History

Press: ? - help, Dir - move target cursor You are very lightly contaminated with residual magic.
As you read the scroll of blinking, it crumbles to dust.
Welcome back to the Lair of Beasts!
The yak closely misses you. The yak gores you.
* * * LOW HITPOINT WARNING * * *
The yak barely misses you. The yak gores you but does no damage.
The yak misses you. The yak gores you but does no damage.
There is a collapsed entrance here.
Unknown command.
Evoke which item? (* to show all) (? for menu, Esc to quit)
Aim the lamp in which direction?
Press: ? - help, Dir - move target cursor, f - yak
Aim: a yak The flames dance!
The trail of fire hits the yak.
The yak is lightly wounded.
The trail of fire hits the yak.
The yak is lightly wounded.
The yak gores you.
You die...

#############
.......§... .....§§..
##..#§.## # ##..YYY..#
.
#.##.#####..#Y@Y#.P..
.....................#
.......<....E.#.......
....!......##.....P##.
....###....###.#..##
... #....# ....# .
#...## ##..# #.... ..#
....## ..


You could see 5 yaks and a friendly fire elemental.

Vanquished Creatures
  A troll (D:8)
  3 yaks (IceCv)
  Menkaure (D:6)
  5 wolves
  Edmund (D:4)
  Duvessa (D:4)
  2 orc warriors (D:6)
  A wasp (D:6)
  4 ogres
  2 phantoms
  A necrophage (D:8)
  2 centaurs
  A big kobold (D:9)
  4 giant frogs
  3 scorpions
  Dowan (D:4)
  10 killer bees
  An electric eel (D:8)
  A wasp zombie (D:9)
  A gnoll shaman (D:7)
  2 iguanas
  A giant frog skeleton (D:8)
  7 hounds
  4 orc priests
  5 crimson imps
  2 orc wizards
  Crazy Yiuf (D:6)
  Ijyb (D:3)
  3 jellies (D:8)
  5 worker ants
  A killer bee zombie (D:5)
  2 hound zombies (D:5)
  2 hound skeletons (D:6)
  14 gnolls
  7 adders
  2 river rats (D:4)
  7 oozes
  An adder zombie (D:9)
  2 worms
  An adder skeleton (D:4)
  5 giant geckos
  26 orcs
  A bat skeleton (D:4)
  12 hobgoblins
  11 jackals
  20 kobolds
  6 quokkas
  2 ball pythons
  19 bats
  6 giant cockroaches
  A giant gecko skeleton (D:6)
  3 giant newts
  14 goblins
  11 rats
253 creatures vanquished.

Notes
Turn   | Place    | Note
--------------------------------------------------------------
     0 | D:1      | Econoterrorist the Draconian Transmuter began the quest for the Orb.
     0 | D:1      | Reached XP level 1. HP: 16/16 MP: 3/3
   262 | D:1      | Reached XP level 2. HP: 14/23 MP: 5/5
   657 | D:1      | Reached skill level 4 in Unarmed Combat
  1038 | D:2      | Found a white marble altar of Elyvilon.
  1058 | D:2      | Reached XP level 3. HP: 21/28 MP: 6/6
  1063 | D:2      | Learned a level 3 spell: Spider Form
  1212 | D:2      | Found a glowing golden altar of the Shining One.
  1389 | D:2      | Found a faded altar to an unknown god.
  1499 | D:2      | Found a sacrificial altar of Ru.
  1813 | D:3      | Reached XP level 4. HP: 32/35 MP: 7/7
  1823 | D:3      | Reached skill level 5 in Unarmed Combat
  2497 | D:3      | Noticed Ijyb
  2514 | D:3      | Killed Ijyb
  2514 | D:3      | Reached XP level 5. HP: 35/41 MP: 8/8
  2925 | D:4      | Found Dunk's Magic Scroll Emporium.
  2935 | D:4      | Bought a scroll of teleportation for 30 gold pieces
  2935 | D:4      | Bought a scroll of blinking for 75 gold pieces
  2938 | D:4      | Found Vit Goi's Jewellery Boutique.
  3073 | D:4      | Noticed Edmund
  3113 | D:4      | Killed Edmund
  3113 | D:4      | Reached skill level 6 in Unarmed Combat
  3113 | D:4      | Reached XP level 6. HP: 26/50 MP: 6/9
  3187 | D:4      | Noticed Dowan
  3203 | D:4      | Killed Dowan
  3325 | D:4      | Found an iron altar of Okawaru.
  3353 | D:4      | Became a worshipper of Warmaster Okawaru
  3403 | D:4      | Noticed Duvessa
  3632 | D:4      | Killed Duvessa
  3632 | D:4      | Your scales start taking on a pale cyan-grey colour.
  3632 | D:4      | Reached XP level 7. HP: 23/57 MP: 4/10
  3842 | D:4      | Noticed a phantom
  3868 | D:4      | Killed a phantom
  3891 | D:4      | Reached skill level 7 in Unarmed Combat
  3892 | D:4      | Found Qios's Jewellery Boutique.
  4081 | D:4      | Found a staircase to the Ecumenical Temple.
  4108 | D:4      | Found Fepaijur's General Store.
  4642 | D:4      | Found Lag Mawn's Magic Scroll Shop.
  4681 | D:5      | Entered Level 5 of the Dungeon
  5706 | D:6      | Noticed Menkaure
  5711 | D:6      | Killed Menkaure
  5711 | D:6      | Acquired Okawaru's first power
  5711 | D:6      | Reached skill level 8 in Unarmed Combat
  5711 | D:6      | Reached XP level 8. HP: 59/67 MP: 11/11
  5909 | D:6      | Reached skill level 5 in Fighting
  6369 | D:6      | Noticed Crazy Yiuf
  6380 | D:6      | Killed Crazy Yiuf
  6907 | D:7      | Reached skill level 5 in Dodging
  6907 | D:7      | Reached skill level 9 in Unarmed Combat
  7219 | D:6      | Reached XP level 9. HP: 8/75 MP: 10/12
  7231 | D:6      | HP: 3/75 [poisoned by a killer bee]
  7238 | D:6      | HP: 3/75 [poisoned by a killer bee]
  7246 | D:6      | HP: 3/75 [poisoned by a killer bee]
  7768 | D:6      | Paralysed by a wasp for 3 turns
  7846 | D:6      | Reached skill level 10 in Unarmed Combat
  8070 | D:7      | Reached skill level 1 in Poison Magic
  8148 | D:7      | Found a shadowy altar of Dithmenos.
  8148 | D:7      | Found a burning altar of Makhleb.
  8162 | D:7      | Found a bloodstained altar of Trog.
  8162 | D:7      | Found a white marble altar of Elyvilon.
  8162 | D:7      | Found a sparkling altar of Nemelex Xobeh.
  8934 | D:7      | Learned a level 5 spell: Blade Hands
  9152 | D:8      | Reached skill level 5 in Transmutations
  9710 | D:8      | Found a staircase to the Lair.
 10066 | D:8      | Found Kuemyudgh's Weapon Shop.
 10219 | D:8      | Reached XP level 10. HP: 76/83 MP: 13/13
 10560 | D:9      | Found a staircase to the Orcish Mines.
 11326 | D:10     | Entered Level 10 of the Dungeon
 11336 | D:9      | Learned a level 4 spell: Ice Form
 11410 | Lair:1   | Entered Level 1 of the Lair of Beasts
 11410 | Lair:1   | Found a frozen archway.
 11421 | IceCv    | Entered an ice cave
 11430 | IceCv    | Reached skill level 1 in Ice Magic
 11467 | Lair:1   | HP: 2/83 [yak (4)]
 11468 | Lair:1   | Slain by a yak

Vault maps used:
D:1:      dpeg_arrival_simpleton_c
D:2:      nicolae_overflow_crystal_walls, tso_metal_star, ecumenical_altar_1,
          minmay_misc_feat_five, elyvilon_altar_4
D:3:      first_bread, uniq_iyjb
D:4:      temple_doors_e, portal_sewer_entry_b, serial_shops,
          kennysheep_little_box, shop, nicolae_shop_behind_doors, shop, shop,
          okawaru_altar_gauntlet_db, uniq_edmund, uniq_duvessa
D:5:      kennysheep_generic_room_7
D:6:      uniq_crazy_yiuf_cottage, uniq_menkaure
D:7:      statuecave_lemuel, gammafunk_temple_overflow_forgotten,
          grunt_temple_overflow_open
D:8:      erik_lair_island, serial_shops, shop_statue,
          hangedman_little_slice_of_home
D:9:      orc_0_dummy, kennysheep_generic_room_13
D:10:     kennysheep_generic_room_5, uniq_fannar, uniq_harold, uniq_erolcha,
          uniq_maud
Lair:1:   portal_ice_cave_entry_pillars_01
IceCv:    ice_cave_small_giant

Action                   |  1- 3 |  4- 6 |  7- 9 | 10-12 || total
-------------------------+-------+-------+-------+-------++-------
Melee: Unarmed           |   150 |   180 |   551 |   138 ||  1019
 Cast: Beastly Appendage |       |     5 |     3 |       ||     8
       Spider Form       |       |     4 |    16 |       ||    20
       Blade Hands       |       |       |       |     2 ||     2
 Abil: Breathe Steam     |       |       |     7 |     1 ||     8
Evoke: Wand              |       |       |     4 |       ||     4
       Lamp of fire      |       |       |       |     1 ||     1
  Use: Scroll            |       |       |    10 |     1 ||    11
       Potion            |       |       |     2 |     4 ||     6
 Stab: Sleeping          |     1 |       |     1 |       ||     2
       Distracted        |       |       |     1 |       ||     1
  Eat: Chunk             |     3 |     6 |    17 |     3 ||    29
       Beef jerky        |       |     1 |     4 |     1 ||     6
       Fruit             |       |       |       |     2 ||     2
